Map: [ESL] Cosmic Sapphire

Players

Serral - Winner!

  • Race: Zerg Zerg
  • Spawn Location: 5:00

Neeb

  • Race: Protoss Protoss
  • League: Master
  • Spawn Location: 11:00

Event: HomeStory Cup XXI

VOD

Have the link to the VOD?

Description

Time

  • Played on: July 24, 2022, 10:26 a.m.
  • Length: 10:37

All games in this series

Show
View Real Time Build Order
Export as new Build Order

Serral Zerg - Winner!

Build Orders: Hatch First 

Get SALT Encoding   

  12  0:00  Drone  
  13  0:12  Overlord  
  13  0:16  Drone  
  14  0:30  Drone x2  
  16  0:47  Hatchery  
  15  0:50  Drone  
  15  0:53  Drone  
  15  0:56  Drone  
  18  1:07  Extractor  
  17  1:12  Spawning Pool  
  17  1:15  Drone  
  17  1:18  Drone  
  18  1:28  Drone  
  19  1:38  Drone  
  20  1:49  Drone  
  21  1:58  Queen  
  21  1:59  Queen, Zergling x2  
  21  2:00  Overlord  
  26  2:10  Drone x2  
  26  2:13  Metabolic Boost  
  28  2:21  Drone  
  30  2:22  Drone  
  30  2:32  Drone x2  
  30  2:35  Queen x2  
  36  2:42  Overlord  
  36  2:52  Hatchery  
  36  2:54  Drone  
  36  2:58  Overlord  
  36  3:02  Drone  
  36  3:03  Drone  
  36  3:04  Drone  
  39  3:06  Drone  
  39  3:11  Drone x2  
  42  3:17  Drone x2  
  44  3:21  Spore Crawler  
  44  3:24  Queen  
  44  3:26  Queen  
  48  3:31  Overlord  
  48  3:33  Drone  
  48  3:34  Drone  
  50  3:41  Spore Crawler x2, Drone x2  
  50  3:45  Drone  
  50  3:48  Overlord  
  51  3:54  Overlord  
  51  3:55  Zergling x6  
  54  3:58  Drone x2  
  56  4:03  Queen  
  56  4:09  Drone x3  
  59  4:13  Drone  
  59  4:15  Drone  
  60  4:17  Drone  
  60  4:18  Drone x2  
  60  4:21  Drone  
  64  4:24  Zergling x2  
  64  4:26  Drone x3  
  64  4:27  Drone  
  64  4:29  Drone  
  70  4:35  Drone  
  70  4:37  Extractor  
  70  4:38  Roach Warren, Drone  
  70  4:40  Drone  
  70  4:44  Drone  
  71  4:47  Overlord  
  71  4:48  Lair  
  71  4:50  Drone x2  
  73  4:53  Drone  
  73  4:55  Extractor  
  73  5:00  Drone  
  73  5:01  Drone  
  73  5:03  Drone  
  73  5:04  Drone x2  
  73  5:05  Hatchery  
  77  5:07  Drone x2  
  77  5:11  Drone  
  77  5:12  Drone  
  77  5:13  Queen  
  83  5:17  Overlord  
  83  5:20  Evolution Chamber, Overlord  
  82  5:23  Extractor  
  82  5:24  Extractor, Zergling x6  
  83  5:29  Overlord  
  83  5:31  Zergling x8  
  83  5:35  Overlord  
  87  5:36  Overlord  
  87  5:41  Overlord  
  87  5:43  Drone  
  87  5:45  Glial Reconstitution  
  87  5:46  Zerg Missile Weapons Level 1  
  87  5:48  Roach x3  
  94  5:54  Roach x4  
  102  5:59  Overlord  
  102  6:00  Drone x2  
  102  6:01  Drone x2  
  102  6:02  Drone  
  107  6:04  Roach  
  107  6:06  Roach  
  107  6:09  Overlord  
  111  6:12  Roach  
  111  6:13  Roach  
  115  6:20  Roach x5  
  125  6:27  Roach x5  
  135  6:33  Overlord  
  134  6:43  Drone x3  
  134  6:44  Drone x4  
  141  6:47  Drone  
  141  6:48  Evolution Chamber, Drone  
  141  6:49  Baneling Nest, Queen  
  141  6:51  Overlord, Drone x3  
  141  6:53  Roach x2  
  149  6:56  Overlord  
  149  7:00  Overlord  
  149  7:02  Roach  
  149  7:03  Roach x3  
  157  7:14  Zergling x14, Hatchery  
  163  7:17  Zerg Melee Weapons Level 1  
  163  7:20  Zergling x2  
  163  7:21  Zergling x8  
  168  7:30  Zergling x20  
  168  7:35  Zergling x2  
  171  7:42  Centrifugal Hooks  
  166  7:45  Zergling x12  
  166  7:49  Overlord  
  166  7:50  Roach  
  166  7:51  Roach x2, Zergling x2  
  179  7:55  Baneling  
  179  7:56  Baneling x11  
  179  8:00  Zerg Missile Weapons Level 2  
  179  8:01  Zergling x8  
  179  8:03  Drone  
  184  8:10  Drone x2  
  184  8:11  Zergling x6  
  188  8:14  Zergling x16  
  196  8:20  Overlord  
  196  8:24  Baneling x7  
  196  8:31  Roach x2  
  196  8:32  Roach, Zergling x10  
  195  8:37  Roach x3  
  195  8:38  Roach  
  193  8:43  Zergling x8  
  193  8:45  Unknown  
  190  8:50  Zergling x8  
  193  8:58  Drone  
  193  9:01  Zergling x2  
  193  9:02  Zergling x10  
  197  9:03  Spore Crawler  
  197  9:06  Infestation Pit  
  197  9:07  Zergling x2  
  197  9:08  Baneling x4  
  196  9:12  Baneling x8  
  196  9:13  Zergling x6  
  199  9:17  Spine Crawler  
  199  9:21  Baneling x2  
  198  9:35  Zergling x2  
  195  9:50  Zergling x20  
  199  10:01  Zergling x2  
  184  10:08  Zergling x20  
  184  10:09  Zergling x12  
  184  10:13  Hydralisk Den  
Show
View Real Time Build Order
Export as new Build Order

Neeb Protoss 

Build Orders: 1 Gate Expand, Oracle Opening 

Get SALT Encoding   

  12  0:00  Probe  
  13  0:12  Probe  
  14  0:17  Pylon  
  14  0:24  Probe  
  15  0:30  Assimilator  
  15  0:36  Probe (Chrono Boost)  
  16  0:43  Gateway  
  16  0:48  Probe (Chrono Boost)  
  17  0:55  Probe (Chrono Boost)  
  18  1:03  Probe  
  19  1:15  Probe  
  20  1:23  Nexus  
  20  1:32  Cybernetics Core  
  20  1:35  Probe  
  21  1:40  Assimilator  
  21  1:47  Probe  
  21  1:49  Pylon  
  22  1:59  Probe (Chrono Boost)  
  24  2:09  Probe (Chrono Boost), Stargate  
  24  2:12  Adept  
  24  2:14  Probe (Chrono Boost)  
  26  2:19  Warp Gate  
  27  2:25  Probe (Chrono Boost)  
  28  2:31  Probe (Chrono Boost)  
  28  2:35  Probe  
  30  2:40  Probe  
  30  2:42  Adept  
  33  2:47  Probe  
  33  2:49  Oracle (Chrono Boost)  
  34  2:52  Probe  
  38  2:59  Pylon, Probe  
  38  3:04  Probe  
  40  3:11  Probe  
  41  3:16  Probe  
  41  3:17  Oracle (Chrono Boost)  
  45  3:23  Probe  
  46  3:31  Nexus  
  46  3:33  Pylon  
  46  3:34  Probe  
  46  3:36  Probe  
  48  3:41  Pylon  
  48  3:45  Assimilator  
  48  3:47  Assimilator  
  48  3:48  Probe  
  49  3:49  Probe (Chrono Boost)  
  50  3:57  Gateway  
  50  4:01  Probe (Chrono Boost)  
  52  4:06  Probe (Chrono Boost)  
  53  4:10  Probe (Chrono Boost)  
  53  4:13  Probe (Chrono Boost)  
  53  4:15  Probe  
  53  4:16  Forge  
  54  4:20  Twilight Council  
  55  4:26  Probe (Chrono Boost), Gateway  
  55  4:28  Probe (Chrono Boost)  
  55  4:29  Gateway  
  57  4:35  Stalker  
  61  4:39  Probe (Chrono Boost)  
  61  4:42  Probe (Chrono Boost)  
  62  4:46  Probe (Chrono Boost)  
  62  4:47  Shield Battery  
  62  4:48  Protoss Ground Weapons Level 1 (Chrono Boost)  
  62  4:49  Probe (Chrono Boost)  
  65  4:54  Probe x2 (Chrono Boost)  
  65  4:55  Blink (Chrono Boost)  
  65  4:57  Probe (Chrono Boost)  
  65  4:58  Probe (Chrono Boost)  
  66  5:00  Probe  
  66  5:02  Stalker  
  66  5:05  Stalker  
  72  5:07  Probe  
  72  5:09  Oracle  
  72  5:11  Probe  
  72  5:12  Probe  
  78  5:19  Probe  
  79  5:25  Stalker x3  
  85  5:32  Pylon  
  85  5:33  Pylon  
  85  5:35  Pylon  
  85  5:37  Pylon  
  85  5:38  Gateway  
  85  5:42  Gateway  
  85  5:48  Gateway  
  85  5:50  Pylon  
  85  5:53  Stalker x2  
  85  5:56  Stalker  
  91  5:57  Stalker  
  91  5:58  Probe  
  94  6:13  Robotics Facility  
  94  6:14  Gateway  
  94  6:21  Stalker x4  
  102  6:36  Nexus, Charge (Chrono Boost)  
  102  6:39  Pylon  
  102  6:40  Stalker  
  102  6:44  Gateway  
  102  6:45  Protoss Ground Weapons Level 2 (Chrono Boost)  
  102  6:48  Stalker x3, Pylon  
  108  6:57  Stalker  
  110  7:01  Warp Prism (Chrono Boost)  
  110  7:02  Probe x2  
  110  7:05  Shield Battery  
  110  7:08  Stalker x2  
  118  7:12  Probe  
  119  7:16  Gateway  
  119  7:17  Probe, Gateway  
  119  7:18  Probe  
  121  7:24  Probe  
  116  7:41  Stalker x8  
  126  7:52  Probe x3  
  129  8:00  Probe  
  130  8:09  Pylon, Zealot x6  
  130  8:10  Zealot x3  
  148  8:16  Zealot  
  150  8:23  Pylon  
  150  8:34  Stalker x8  
  158  8:46  Pylon  
  153  8:49  Pylon  
  153  8:51  Pylon x2  
  153  8:54  Warp Prism (Chrono Boost)  
  138  9:04  Zealot x10  
  138  9:09  Assimilator  
  155  9:11  Assimilator  
  155  9:23  Templar Archives  
  155  9:24  Probe  
  156  9:25  Nexus  
  156  9:26  Observer (Chrono Boost)  
  157  9:32  Shield Battery  
  157  9:34  Pylon  
  157  9:36  Shield Battery  
  157  9:38  Shield Battery, Zealot x6  
  165  9:46  Stalker x3  
  165  9:51  Zealot  
  149  9:58  Zealot x4  
  149  9:59  Zealot x2  
  148  10:03  Probe  
  129  10:11  Probe x2  
  129  10:13  Stalker x3  
  133  10:20  Zealot x3  
Tags
 
Add a new tag
Caveats
  • Supply blocks, unpowered buildings, or Contaminate may cause inaccurate times.
  • Supply counts are checked every 10 seconds.